 Dungeon Crawl Stone Soup version 0.30-a0-210-g01b79a254e (webtiles) character file.

Game seed: 10705408219994372153

20869 Flugkiller the Carver (level 12, -2/80 HPs)
             Began as a Mummy Gladiator on Oct 4, 2022.
             Was a High Priest of Hepliaklqana.
             Slain by a reaper
             ... wielding a +0 scythe of freezing
              (3 damage)
             ... in an ice cave.
             The game lasted 00:21:15 (13390 turns).

Flugkiller the Carver (Mummy Gladiator)            Turns: 13390, Time: 00:21:15

Health: -2/80      AC:  6    Str: 17    XL:     12   Next: 49%
Magic:  14/16      EV: 18    Int:  7    God:    Hepliaklqana [*****.]
Gold:   945        SH:  6    Dex: 25    Spells: 11/11 levels left

rFire   + + .      SeeInvis .    q - +0 scimitar (flame)
rCold   + + .      Faith    +    g - +0 buckler
rNeg    + + +      Spirit   .    x - +0 troll leather armour
rPois   ∞          Reflect  .    c - +0 helmet
rElec   .          Harm     .    n - scarf {rC+ rF+}
rCorr   .          Rampage  .    (no gloves)
Will    +....                    r - +0 pair of boots
Stlth   ++........               m - amulet of the Bouncing Lives {rF+ rC+ Regen+}
HPRegen 1.93/turn                f - ring of fire
MPRegen 0.15/turn                k - +6 ring of dexterity

@: about to teleport
A: reduced essence, cold resistance 1, negative energy resistance 3, torment
resistance 2, heat vulnerability 1, in touch with death 1, no potions, faith
a: Renounce Religion, Recall Ancestor, Ancestor Identity, Transference, Idealise


You were in an ice cave.
You worshipped Hepliaklqana.
Hepliaklqana was extremely pleased with you.
You visited 2 branches of the dungeon, and saw 12 of its levels.
You also visited: Sewer, Bailey and Ice Cave.

You collected 945 gold pieces.

Inventory:

Hand Weapons
 a - a +0 long sword
 q - a +0 scimitar of flaming (weapon)
   (You took it off Erica on level 8 of the Dungeon)
Missiles
 d - 2 throwing nets
 e - a javelin
 i - 4 curare-tipped darts (quivered)
Armour
 c - a +0 helmet (worn)
 g - a +0 buckler (worn)
   (You took it off a goblin on level 2 of the Dungeon)
 n - a scarf of resistance (worn)
   (You found it on level 5 of the Dungeon)
 r - a +0 pair of boots (worn)
   (You found it in an ice cave)
 x - a +0 troll leather armour (worn)
   (You found it on level 11 of the Dungeon)
 A - a +3 leather armour
   (You took it off a goblin in a bailey)
Jewellery
 f - a ring of fire (left hand)
   (You found it on level 1 of the Dungeon)
 k - a +6 ring of dexterity (right hand)
   (You found it on level 3 of the Dungeon)
 m - the amulet of the Bouncing Lives (around neck) {rF+ rC+ Regen+}
   (You acquired it on level 1 of the Lair of Beasts)

   [amulet of regeneration]

   rF:        It protects you from fire.
   rC:        It protects you from cold.
   Regen:     It increases your rate of health regeneration.
 s - the ring of Harmony {Str+6 Int+4}
   (You found it on level 5 of the Dungeon)

   [ring of strength]

   Str:       It affects your strength (+6).
   Int:       It affects your intelligence (+4).
Wands
 b - a wand of iceblast (12)
   (You found it on level 7 of the Dungeon)
 w - a wand of polymorph (11)
   (You found it on level 7 of the Dungeon)
 D - a wand of charming (10)
   (You found it on level 10 of the Dungeon)
 F - a wand of digging (5)
   (You found it on level 11 of the Dungeon)
 G - a wand of flame (5)
   (You found it on level 1 of the Lair of Beasts)
Scrolls
 h - 2 scrolls of enchant armour
 j - a scroll of magic mapping
 l - 5 scrolls of immolation
 o - 4 scrolls of fear
 p - 6 scrolls of enchant weapon
 t - 4 scrolls of teleportation
 u - 3 scrolls of fog
 v - 4 scrolls of vulnerability
 z - a scroll of blinking
 B - 3 scrolls of poison
 C - 2 scrolls of noise {unknown}
 E - 2 scrolls of amnesia {unknown}
Miscellaneous
 y - a box of beasts (inert)
   (You found it in a bailey)


   Skills:
 + Level 6.8 Fighting
 - Level 12.0 Long Blades
 - Level 1.5 Throwing
 + Level 8.4 Dodging
 + Level 4.0 Shields
 + Level 5.9 Invocations
 - Level 6.0 Evocations


You had 11 spell levels left.
You didn't know any spells.
Your spell library contained the following spells:

 Spells                   Type           Power      Damage    Failure   Level
 Apportation              Tloc           0%         N/A       58%         1
 Kiss of Death            Conj/Necr      0%         2d5       58%         1
 Necrotise                Necr           0%         1d4       58%         1
 Summon Small Mammal      Summ           0%         N/A       58%         1
 Confusing Touch          Hex            0%         N/A       92%         3
 Dispel Undead            Necr           0%         3d6       100%        4
 Leda's Liquefaction      Hex/Erth       0%         N/A       100%        4
 Lee's Rapid Deconstruct  Erth           0%         3d5*      100%        5
 Statue Form              Tmut/Erth      Unusable   N/A       N/A         6

Dungeon Overview and Level Annotations

Branches:
Dungeon (11/15) Zot: 25979  Temple (0/1) D:6            Lair (1/5) D:9 Zot: 5596
    Orc (0/2) D:11          Sewer (visited)          Bailey (visited)
  IceCv (1/1) Zot: 5545

Altars:
Cheibriados
Dithmenos
Hepliaklqana
Kikubaaqudgha
Makhleb
Qazlal
Ru
Sif Muna
Trog
Uskayaw
Wu Jian
Xom

Shops:
D:7 :

Annotations:
D:11 1 runed translucent door, Flippered's ghost, journeyman VSEn


Innate Abilities, Weirdness & Mutations

Your life essence is reduced to manifest your ancestor. (-10% HP)
You are immune to poison.
Your flesh is cold resistant. (rC+)
You are immune to negative energy. (rN+++)
You are immune to unholy pain and torment.
You are vulnerable to heat. (rF-)
You are in touch with the powers of death.
You do not drink.
You have a special connection with the divine. (Faith)


Message History

Your cane toad simulacrum vaporises!
The reaper draws a finger across its throat.
Lici emerges from the mists of memory!
The reaper hits Lici with a +0 scythe of freezing.
The reaper freezes Lici.
Lici hits the reaper with a +0 flail!
The reaper hits Lici with a +0 scythe of freezing!
The reaper freezes Lici.
The ice devil hits Lici but does no damage.
Lici closely misses the reaper.
Hepliaklqana grants Lici healing and protection!
Lici is healed somewhat.
The reaper hits Lici with a +0 scythe of freezing!!!
The reaper freezes Lici.
Lici is destroyed!
Press: ? - help, v - describe, . - travel
Here: a reaper, wielding a +0 scythe of freezing, wearing a +2 robe of cold resistance and wearing a ring of protection from cold (lightly wounded)
The floor.
Unknown command.
Unknown command.
You open the lid... ...and a juvenile fireox beast leaps out!
The box is emptied!
Unknown command.
Your juvenile fireox beast breathes flames at the ice devil.
The blast of flame hits the ice devil!!!
The ice devil is burned terribly!
The ice devil dies!
Your Shields skill increases to level 4!
The reaper hits your juvenile fireox beast with a +0 scythe of freezing!!
The reaper freezes your juvenile fireox beast!
Your juvenile fireox beast hits the reaper but does no damage.
Your juvenile fireox beast tramples the reaper but does no damage.
The reaper hits your juvenile fireox beast with a +0 scythe of freezing!!!
The reaper freezes your juvenile fireox beast.
Your juvenile fireox beast dies!
Your juvenile fireox beast's corpse disappears in a puff of smoke!
Unknown command.
Unknown command.
Aiming: Iceblast
Press: ? - help, Shift-Dir - straight line, f - reaper
Aim: a reaper, wielding a +0 scythe of freezing, wearing a +2 robe of cold resistance and wearing a ring of protection from cold (lightly wounded, unaware, hasn't noticed you)
The mass of ice explodes!
The iceblast engulfs the reaper!
The reaper partially resists.
The reaper is moderately wounded.
The iceblast engulfs the death yak simulacrum!
The death yak simulacrum partially resists.
The death yak simulacrum is moderately damaged.
Aiming: Iceblast
Press: ? - help, Shift-Dir - straight line, f/p - reaper
Aim: a reaper, wielding a +0 scythe of freezing, wearing a +2 robe of cold resistance and wearing a ring of protection from cold (purple smoke, moderately wounded)
The mass of ice explodes!
The iceblast engulfs the reaper!
The reaper partially resists.
The reaper is moderately wounded.
The iceblast engulfs the death yak simulacrum.
The death yak simulacrum partially resists.
The death yak simulacrum is heavily damaged.
Aiming: Iceblast
Press: ? - help, Shift-Dir - straight line, f/p - reaper
Aim: a reaper, wielding a +0 scythe of freezing, wearing a +2 robe of cold resistance and wearing a ring of protection from cold (moderately wounded)
The mass of ice explodes!
The iceblast engulfs the reaper!
The reaper partially resists.
The reaper is heavily wounded.
The iceblast engulfs the death yak simulacrum!
The death yak simulacrum partially resists.
The death yak simulacrum is severely damaged.
Aiming: Iceblast
Press: ? - help, Shift-Dir - straight line, f/p - reaper
Aim: a reaper, wielding a +0 scythe of freezing, wearing a +2 robe of cold resistance and wearing a ring of protection from cold (heavily wounded)
The mass of ice explodes!
The iceblast engulfs the reaper.
The reaper partially resists.
The reaper is heavily wounded.
The iceblast engulfs the death yak simulacrum!
The death yak simulacrum partially resists.
The death yak simulacrum is almost destroyed.
The reaper hits you from afar with a +0 scythe of freezing!!
The reaper freezes you.
Aiming: Iceblast
Press: ? - help, Shift-Dir - straight line, f/p - reaper
Aim: a reaper, wielding a +0 scythe of freezing, wearing a +2 robe of cold resistance and wearing a ring of protection from cold (heavily wounded)
The mass of ice explodes!
The iceblast engulfs the reaper.
The reaper partially resists.
The reaper is heavily wounded.
The iceblast engulfs the death yak simulacrum!
The death yak simulacrum partially resists.
The death yak simulacrum vaporises!
The reaper hits you from afar with a +0 scythe of freezing!!
* * * LOW HITPOINT WARNING * * *
The reaper freezes you.
* * * LOW HITPOINT WARNING * * *
Unknown command.
Okay, then.
Okay, then.
Unknown command.
Unknown command.
As you read the scroll of teleportation, it crumbles to dust.
You feel strangely unstable.
The reaper hits you from afar with a +0 scythe of freezing!!
* * * LOW HITPOINT WARNING * * *
The reaper freezes you.
You die...

##.....##§.##
#.......##..# ####
#......###..#######..#
#.......#...##..##....
##.........###.........
#...........#.......∩.∩
#.....2..##....##......
#.......####..#####....
##....@..# #### ##..#
##.#.#### #### ####


You could see a reaper.

Vanquished Creatures
  An orc warlord (Bailey)
  Erica (D:8)
  2 two-headed ogres
  An ugly thing (D:9)
  2 ice statues (IceCv)
  Joseph (D:7)
  2 cane toads (Lair:1)
  4 ice devils
  A troll (D:11)
  2 shadows
  2 wyverns
  A wraith (D:9)
  11 yaks
  2 basilisks
  4 vampire mosquitoes (D:11)
  A death yak simulacrum (IceCv)
  4 water moccasins
  5 orc warriors
  A black bear (D:6)
  A sky beast (D:6)
  3 wolves (Lair:1)
  2 ogres
  3 centaurs
  A phantom (D:4)
  2 kobold brigands (D:7)
  2 bullfrogs (D:8)
  A scorpion (D:3)
  A gnoll sergeant (D:10)
  A necrophage (D:8)
  2 two-headed ogre simulacra (IceCv)
  A wight (D:10)
  A troll zombie (D:11)
  6 killer bees
  2 hounds
  3 jellies
  7 orc priests
  Jessica (D:3)
  8 orc wizards
  A polar bear simulacrum (IceCv)
  A troll simulacrum (IceCv)
  4 ogre zombies (D:11)
  3 gnolls
  10 adders
  A naga simulacrum (IceCv)
  2 river rats (Sewer)
  A white imp (IceCv)
  4 ufetubi
  A worm (D:5)
  3 dart slugs
  23 orcs
  7 ball pythons
  7 bats
  4 endoplasms
  A giant cockroach (D:3)
  13 goblins
  5 hobgoblins
  5 quokkas
  5 frilled lizards
  A goblin skeleton (D:11)
  A goblin zombie (D:11)
  A hobgoblin skeleton (D:11)
  2 hobgoblin zombies (D:11)
  15 kobolds
  An orc skeleton (D:11)
  6 orc zombies (D:11)
  15 rats
239 creatures vanquished.

Vanquished Creatures (collateral kills)
  3 two-headed ogres
  A cane toad (Lair:1)
  2 kobold demonologists
  An anaconda simulacrum (IceCv)
  4 ice devils (IceCv)
  A troll (D:10)
  A hornet (D:10)
  A shadow (D:11)
  A dire elephant simulacrum (IceCv)
  2 vampires
  A basilisk (D:10)
  6 yaks
  A death yak simulacrum (IceCv)
  A steam dragon (D:9)
  A vampire mosquito (D:11)
  A harpy simulacrum (IceCv)
  A water moccasin (Lair:1)
  An acid dragon (D:10)
  An ice beast (D:7)
  3 orc warriors
  A phantom (D:11)
  A kobold brigand (D:8)
  2 bullfrogs (Sewer)
  Blork the orc (D:4)
  A two-headed ogre simulacrum (IceCv)
  A scorpion (D:6)
  A necrophage (D:4)
  5 wights (D:8)
  2 killer bees (D:10)
  3 hounds
  3 orc priests
  3 iguanas
  7 orc wizards
  A troll simulacrum (IceCv)
  2 wolf simulacra (IceCv)
  An ogre zombie (D:11)
  4 adders
  6 gnolls
  A naga simulacrum (IceCv)
  2 river rats
  An ufetubus (D:5)
  2 worms (D:5)
  A dart slug (D:3)
  10 orcs
  3 goblins (Bailey)
  2 hobgoblins (Bailey)
  11 kobolds
  A quokka (D:4)
  6 ball pythons (Sewer)
  A bat (D:3)
  2 frilled lizards (Sewer)
  A hobgoblin zombie (D:11)
  5 orc zombies (D:11)
  16 rats
144 creatures vanquished.

Vanquished Creatures (others)
  A cane toad simulacrum (IceCv)
  8 knights
  5 ancestors (D:4)
  A fungus (Lair:1)
  19 plants
34 creatures vanquished.

Grand Total: 417 creatures vanquished

Notes
Turn   | Place    | Note
-------+----------+-------------------------------------------
     0 | D:1      | Flugkiller the Mummy Gladiator began the quest for the Orb.
     0 | D:1      | Reached XP level 1. HP: 16/16 MP: 1/1
   235 | D:1      | Reached XP level 2. HP: 21/23 MP: 2/2
   751 | D:1      | Gained mutation: You are in touch with the powers of death.
                  | [Mummy growth]
   751 | D:1      | Reached XP level 3. HP: 26/29 MP: 3/3
  1181 | D:2      | Reached XP level 4. HP: 32/38 MP: 4/4
  1842 | D:3      | Noticed Jessica
  1843 | D:3      | Killed Jessica
  1860 | D:3      | Found a shadowy altar of Dithmenos.
  1881 | D:3      | Found a faded altar of an unknown god.
  1904 | D:3      | Prayed at the altar of an unknown god.
  1904 | D:3      | Became a worshipper of Hepliaklqana the Forgotten
  1904 | D:3      | Reached * piety under Hepliaklqana
  1927 | D:3      | Found an ancient bone altar of Kikubaaqudgha.
  2312 | D:4      | Noticed a scorpion
  2331 | D:3      | Killed a scorpion
  2332 | D:3      | Reached XP level 5. HP: 12/38 MP: 5/5
  2703 | D:4      | Reached XP level 6. HP: 34/45 MP: 6/6
  2916 | D:4      | Noticed Blork the orc
  3017 | D:4      | Killed Blork the orc
  3035 | D:4      | Reached skill level 3 in Long Blades
  3143 | D:4      | Reached ** piety under Hepliaklqana
  3144 | D:4      | Remembered your ancestor Lici as a knight
  3264 | D:4      | Reached XP level 7. HP: 49/49 MP: 7/7
  3335 | D:4      | Found a sacrificial altar of Ru.
  3335 | D:4      | Found a snail-covered altar of Cheibriados.
  3343 | D:4      | Found a hazy altar of Hepliaklqana.
  3346 | D:4      | Found an ornate altar of the Wu Jian Council.
  3347 | D:4      | Found a faded altar of an unknown god.
  3613 | D:5      | Entered Level 5 of the Dungeon
  3689 | D:5      | Reached skill level 4 in Long Blades
  3752 | D:5      | Found a glowing drain.
  3757 | Sewer    | Entered a sewer
  3994 | Sewer    | Reached skill level 5 in Dodging
  4267 | D:5      | Reached XP level 8. HP: 49/54 MP: 8/8
  4372 | D:5      | Identified the ring of Harmony {Str+6 Int+4}
  4500 | D:5      | Noticed a two-headed ogre
  4527 | D:5      | Killed a two-headed ogre
  4528 | D:5      | Reached skill level 5 in Long Blades
  4603 | D:5      | Reached *** piety under Hepliaklqana
  4969 | D:6      | Reached skill level 6 in Long Blades
  5044 | D:6      | Found a staircase to the Ecumenical Temple.
  5087 | D:6      | You fall into a shaft and drop 2 floors!
  5114 | D:8      | Reached XP level 9. HP: 60/62 MP: 9/9
  5287 | D:8      | Noticed Erica
  5304 | D:8      | Killed Erica
  5305 | D:8      | Reached skill level 7 in Long Blades
  5316 | D:8      | Reached skill level 8 in Long Blades
  5497 | D:8      | Reached skill level 1 in Invocations
  5815 | D:7      | Reached **** piety under Hepliaklqana
  5840 | D:7      | Found Ympant's Book Shoppe.
  5976 | D:7      | Found a flagged portal.
  5992 | Bailey   | Entered a bailey
  6011 | Bailey   | Noticed an orc warlord
  6011 | Bailey   | Found the +7 lajatang of Order {silver, rMut}
  6078 | Bailey   | Reached skill level 5 in Invocations
  6111 | Bailey   | Reached XP level 10. HP: 9/68 MP: 13/13
  6330 | Bailey   | Found a runed translucent gate.
  6331 | Bailey   | Found a runed translucent gate.
  6333 | Bailey   | Found a runed translucent gate.
  6520 | Bailey   | Killed an orc warlord
  6899 | D:7      | Noticed a two-headed ogre
  6939 | D:7      | Killed a two-headed ogre
  7307 | D:7      | Noticed Joseph
  7331 | D:7      | Killed Joseph
  7499 | D:7      | Found a stormy altar of Qazlal.
  7598 | D:7      | Found a hide-covered altar of Uskayaw.
  8077 | D:8      | Found a shimmering altar of Xom.
  8104 | D:8      | Reached skill level 9 in Long Blades
  8681 | D:6      | Reached ***** piety under Hepliaklqana
  9324 | D:9      | Reached skill level 10 in Long Blades
  9372 | D:9      | Reached XP level 11. HP: 68/72 MP: 14/14
  9372 | D:9      | Found a burning altar of Makhleb.
  9474 | D:9      | Noticed a green ugly thing
  9489 | D:9      | Killed a green ugly thing
  9652 | D:9      | Found a staircase to the Lair.
  9906 | D:9      | Found a bloodstained altar of Trog.
  9942 | D:9      | Noticed a two-headed ogre
  9948 | D:9      | Killed a two-headed ogre
 10022 | D:10     | Entered Level 10 of the Dungeon
 10129 | D:10     | Reached skill level 11 in Long Blades
 10571 | D:10     | Noticed a two-headed ogre
 10581 | D:10     | Killed a two-headed ogre
 10878 | D:10     | Reached skill level 1 in Evocations
 11225 | D:10     | Found a shimmering blue altar of Sif Muna.
 11527 | D:11     | Reached skill level 12 in Long Blades
 11856 | D:11     | Noticed a two-headed ogre
 11865 | D:11     | Killed a two-headed ogre
 11999 | D:11     | Found a staircase to the Orcish Mines.
 12199 | D:11     | Found a runed translucent door.
 12199 | D:11     | Noticed Flippered's ghost (journeyman VSEn)
 12199 | D:11     | Noticed a war gargoyle
 12328 | D:11     | Reached XP level 12. HP: 65/79 MP: 15/15
 12508 | Lair:1   | Entered Level 1 of the Lair of Beasts
 12509 | Lair:1   | Acquired the amulet of the Bouncing Lives {rF+ rC+ Regen+}
 12536 | Lair:1   | Reached skill level 5 in Evocations
 12638 | Lair:1   | Identified the +1 robe of Greater Demons {rC+}
 12874 | Lair:1   | Found a frozen archway.
 12920 | IceCv    | Entered an ice cave
 13329 | IceCv    | Noticed a reaper
 13390 | IceCv    | HP: 1/80 [reaper/+0 scythe of freezing (33)]
 13390 | IceCv    | Slain by a reaper

Illustrated notes

Levels and vault maps discovered:
D:1:      dpeg_arrival_castle, layout_basic
D:2:      layout_basic, serial_bayou, serial_bayou_pond_b,
          serial_bayou_lagoon_a, serial_bayou_pond_d, serial_bayou_lake_a,
          serial_bayou_pond_d, serial_bayou_pond_c, nicolae_titane
D:3:      layout_loops_ring, grunt_dithmenos_smoke,
          nicolae_kikubaaqudgha_miasma_corner, basic_ecumenical_altar,
          uniq_jessica
D:4:      layout_loops_ring, chequers_temple_overflow_minitemple,
          uniq_blork_the_orc
D:5:      layout_rooms, lightli_sewer_entry_pipes, grunt_ministairs_3,
          grunt_decor_arrowhead, minmay_crystal_water
D:6:      layout_layer_cave, minmay_temple_entry_mini_moons
D:7:      layout_layer_cave, lemuel_doored_altar, kennysheep_mini, serial_shops,
          nicolae_shop_behind_doors, enter_bailey_2, uniq_joseph
D:8:      layout_loops_ring, nicolae_overflow_crystal_walls, uniq_erica
D:9:      layout_long_grid, mainiacjoe_overflow_alcove_1, bloody_makhleb,
          dpeg_oklobed_lair
D:10:     hangedman_cross_stitches, layout_gridville, tgw_sif
D:11:     layout_roguey, zombieorc1_lemuel, ebering_ghost_inner_flame
Lair:1:   layout_loops_ring, portal_ice_cave_demonic_guard, grunt_megastairs_1,
          uniq_urug
IceCv:    ice_cave_small_demon

Skill      XL: |  1  2  3  4  5  6  7  8  9 10 11 12 |
---------------+-------------------------------------+-----
Fighting       | 3 4 6 |  6.8
Shields        | 2 3 4 |  4.0
Dodging        | 3 5 6 8 |  8.4
Long Blades    | 3 4 6 8 10 12 | 12.0
Invocations    | 5 |  5.9
Evocations     | 4 6 |  6.0
Throwing       | |  1.5

Action                   |  1- 3 |  4- 6 |  7- 9 | 10-12 || total
-------------------------+-------+-------+-------+-------++-------
Melee: Long sword        |   130 |   110 |   179 |       ||   419
       Scimitar          |       |       |    40 |   494 ||   534
Throw: Throwing net      |       |     1 |       |       ||     1
       Dart              |       |       |     7 |    15 ||    22
Invok: Recall Ancestor   |       |     3 |     1 |     9 ||    13
       Ancestor Identity |       |     1 |       |       ||     1
       Ancestor Life: Kn |       |     1 |       |       ||     1
       Transference      |       |       |       |     2 ||     2
       Idealise          |       |       |       |     1 ||     1
Evoke: Wand              |       |       |       |     7 ||     7
       Box of beasts     |       |       |       |     1 ||     1
  Use: Scroll            |     2 |     5 |     8 |     7 ||    22
 Stab: Sleeping          |       |       |     2 |     1 ||     3
       Distracted        |       |       |       |     8 ||     8
Armor: Leather armour    |    41 |    34 |    43 |    32 ||   150
       Troll leather arm |       |       |       |    23 ||    23
Dodge: Dodged            |   112 |    78 |   196 |   271 ||   657
Block: Buckler           |       |    28 |    85 |   126 ||   239

Table legend: (Time is in decaauts)
 A = Elapsed time spent in this place.
 B = Non-inter-level travel time spent in this place.
 C = Inter-level travel time spent in this place.
 D = Time resting spent in this place.
 E = Time spent auto-exploring this place.
 F = Levels seen in this place.
 G = Mean time per level.
                   A        B        C        D        E       F      G
               +--------+--------+--------+--------+--------+-----+--------+
         Total |  13654 |  13089 |    565 |   2347 |   6858 |  15 |  910.3 |
       Dungeon |  11755 |  11234 |    521 |   1897 |   6615 |  11 | 1068.6 |
          Lair |    403 |    359 |     44 |     27 |     11 |   1 |  403.0 |
         Sewer |    409 |    409 |      0 |    122 |     79 |   1 |  409.0 |
        Bailey |    633 |    633 |      0 |    182 |    120 |   1 |  633.0 |
      Ice Cave |    453 |    453 |      0 |    119 |     31 |   1 |  453.0 |
               +--------+--------+--------+--------+--------+-----+--------+

Top non-repeatable levels by time:
     D:7: 1711 daAuts
    D:10: 1263 daAuts
     D:8: 1150 daAuts
     D:4: 1129 daAuts
     D:2: 1121 daAuts
    D:11: 991 daAuts
     D:5: 982 daAuts
     D:6: 952 daAuts
     D:9: 922 daAuts
     D:3: 780 daAuts
     D:1: 750 daAuts
  Bailey: 633 daAuts
   IceCv: 453 daAuts
   Sewer: 409 daAuts
  Lair:1: 403 daAuts
